 Dungeon Crawl Stone Soup version 0.23.2 (webtiles) character file.

Game seed: 3845718930062668109

67 Borgoz the Cutter (level 4, -6/27 HPs)
             Began as a Gargoyle Gladiator on Apr 12, 2019.
             Killed from afar by an orc wizard (9 damage)
             ... with a magic dart
             ... on level 2 of the Dungeon.
             The game lasted 00:02:08 (1355 turns).

Borgoz the Cutter (Gargoyle Gladiator)              Turns: 1355, Time: 00:02:09

Health: -6/27      AC:  7    Str: 18    XL:     4   Next: 16%
Magic:  4/4        EV: 12    Int:  8    God:
Gold:   125        SH:  0    Dex: 12    Spells: 3/3 levels left

rFire    . . .     SeeInvis .   a - +0 rapier
rCold    . . .     Gourm    .   (no shield)
rNeg     + . .     Faith    .   b - +0 leather armour
rPois    ∞         Spirit   .   c - +0 helmet
rElec    +         Reflect  .   (no cloak)
rCorr    .         Harm     .   (no gloves)
MR       .....                  (no boots)
Stlth    +.........             (no amulet)
HPRegen  0.09/turn              (no ring)
MPRegen  0.09/turn              (no ring)

@: no status effects
A: negative energy resistance 1, electricity resistance, unbreathing,
petrification resistance, rot immunity, AC +3
a: no special abilities


You were on level 2 of the Dungeon.
You were hungry.

You visited 1 branch of the dungeon, and saw 3 of its levels.

You collected 125 gold pieces.

Inventory:

Hand Weapons
 a - a +0 rapier (weapon)
Missiles
 d - a throwing net (quivered)
Armour
 b - a +0 leather armour (worn)
 c - a +0 helmet (worn)
Wands
 j - a wand of digging (5)
Scrolls
 k - 3 scrolls of teleportation {unknown}
 p - a scroll of fog {unknown}
 q - a scroll of enchant weapon {unknown}
 r - a scroll of identify {unknown}
Potions
 e - a potion of curing {unknown}
 g - 2 potions of agility {unknown}
 h - a potion of cancellation {unknown}
 i - a potion of haste {unknown}
 l - a potion of magic {unknown}
 n - a potion of degeneration {unknown}
 o - 3 potions of heal wounds {unknown}
Comestibles
 f - 4 rations


   Skills:
 + Level 2.9 Fighting
 * Level 3.3 Short Blades
 - Level 1.7 Throwing
 + Level 1.2 Armour
 * Level 3.0 Dodging


You had 3 spell levels left.
You didn't know any spells.
Your spell library was empty.

Dungeon Overview and Level Annotations

Branches:
Dungeon (3/15)

Altars:
Hepliaklqana
Qazlal
Vehumet
The Shining One


Innate Abilities, Weirdness & Mutations

You are resistant to torment.
Your stone body is resilient. (AC +3)
You are immune to poison.
You resist negative energy. (rN+)
You are resistant to electric shocks. (rElec)
You can survive without breathing.
You are immune to petrification.
You are immune to rotting.


Message History

You feel yourself speed up. The orc wizard barely misses you.
The orc wizard hits you but does no damage.
Throwing (i - inventory)
d - 3 throwing nets (quivered)
Press: ? - help, Shift-Dir - straight line, f - orc wizard
Aim: an orc wizard, wielding a +0 dagger and wearing a +0 robe (severely wounded, fast)
You throw a throwing net.
The throwing net closely misses the orc wizard.
The orc wizard casts a spell at you. The magic dart hits you.
* * * LOW HITPOINT WARNING * * *
The orc wizard hits you but does no damage.
Throwing (i - inventory)
d - 2 throwing nets (quivered)
Press: ? - help, Shift-Dir - straight line, f/p - orc wizard
Aim: an orc wizard, wielding a +0 dagger and wearing a +0 robe (severely wounded, fast)
You throw a throwing net.
The throwing net closely misses the orc wizard.
The orc wizard gestures at you while chanting.
The magic dart hits you!
You die...

#.## ##...###.##..
#..#######..###.##.(
##.##............##.
#.##.##............
#.##.#.....###..##.
###>##............#..
#......#...........#.
#......##.#..###.....
#(..@o(##.#..##..#...
#...(.<#.....##..###.
#......(#.#..#..##...
######.(.............
##.#.#..#..#)._.
##........#....
##.#..#.###...
###..#...#.##
#..#.......


You could see an orc wizard.

Vanquished Creatures
  2 adders (D:2)
  A worm (D:2)
  A dart slug (D:2)
  A leopard gecko (D:2)
  3 orcs (D:3)
  A giant cockroach (D:1)
  4 goblins
  5 hobgoblins
  3 jackals (D:2)
  3 kobolds
  7 bats
  3 frilled lizards (D:2)
  7 rats
41 creatures vanquished.

Notes
Turn   | Place    | Note
-------+----------+-------------------------------------------
     0 | D:1      | Borgoz the Gargoyle Gladiator began the quest for the Orb.
     0 | D:1      | Reached XP level 1. HP: 12/12 MP: 1/1
   169 | D:1      | Reached XP level 2. HP: 13/18 MP: 2/2
   561 | D:2      | Found a glowing golden altar of the Shining One.
   662 | D:2      | Reached skill level 1 in Armour
   662 | D:2      | Reached XP level 3. HP: 20/22 MP: 3/3
   722 | D:2      | Found a stormy altar of Qazlal.
   894 | D:2      | Reached XP level 4. HP: 17/27 MP: 4/4
  1302 | D:3      | Found a radiant altar of Vehumet.
  1303 | D:3      | Found a hazy altar of Hepliaklqana.
  1355 | D:2      | Killed from afar by an orc wizard

Skill      XL: |  1  2  3 |
---------------+----------+-----
Short Blades   | 3 |  3.3
Armour         | 1 |  1.2
Dodging        | 3 |  3.0
Fighting       | |  2.9
Throwing       | |  1.7

Action                   |  1- 3 |  4- 6 || total
-------------------------+-------+-------++-------
Melee: Rapier            |   110 |    37 ||   147
Throw: Throwing net      |       |     2 ||     2
 Stab: Sleeping          |     2 |       ||     2
  Eat: Chunk             |       |     1 ||     1
Armor: Leather armour    |    33 |    23 ||    56
Dodge: Dodged            |    78 |    33 ||   111
